 Dungeon Sprint DCSS version 0.22.0-81-g402daae900 (webtiles) character file.

444 Fymir27 the Basher (level 6, -7/62 HPs)
             Began as a Minotaur Berserker on Sept 16, 2018.
             Was a Believer of Trog.
             Succumbed to Sonja's poison
             ... while paralysed
             ... in the Dungeon (Sprint I: "Red Sonja").
             The game lasted 00:02:14 (402 turns).

Fymir27 the Basher (Minotaur Berserker)              Turns: 402, Time: 00:02:14

Health: -7/62      AC:  2    Str: 21    XL:     6   Next: 72%
Magic:  5/5        EV:  2    Int:  4    God:    Trog [**....]
Gold:   102        SH:  0    Dex: 12    Spells: 5/5 levels left

rFire    + . .     SeeInvis .   a - +0 mace
rCold    . . .     Gourm    .   m - +2 buckler
rNeg     . . .     Faith    .   l - +0 robe {rF+}
rPois    .         Spirit   .   (helmet restricted)
rElec    .         Reflect  .   (no cloak)
rCorr    .         Harm     .   (no gloves)
MR       .....     NoTele   +   (no boots)
Stlth    +.........             (no amulet)
HPRegen  0.20/turn              (no ring)
MPRegen  0.09/turn              (no ring)

@: paralysed, lethally poisoned (-7 -> -104), berserk cooldown, slowed
A: retaliatory headbutt, horns 2
a: Berserk, Trog's Hand, Renounce Religion


You were in the Dungeon.
You worshipped Trog.
Trog was pleased with you.
You were very hungry.

You visited 1 branch You collected 297 gold pieces.
You spent 195 gold pieces at shops.

Inventory:

Hand Weapons
 a - a +0 mace (weapon)
Armour
 b - a +0 animal skin
 l - a +0 robe of fire resistance (worn)
 m - a +2 buckler (worn)
Wands
 k - a wand of flame (30)
Scrolls
 i - a scroll of blinking
Potions
 d - a potion of curing
 e - a potion of heal wounds
 f - a potion of haste
 g - 2 potions of magic
 h - a potion of berserk rage
Comestibles
 c - a ration
 j - 7 chunks of flesh


   Skills:
 + Level 8.6 Fighting
 * Level 11.3 Maces & Flails
 + Level 8.1 Armour
 + Level 7.4 Dodging
 * Level 0.0 Shields


You had 5 spell levels left.
You didn't know any spells.
Your spell library was empty.

Dungeon Overview and Level Annotations

Branches:
Dungeon (1/1)

Altars:
Cheibriados
Dithmenos
Elyvilon
Fedhas
Gozag
Hepliaklqana
Kikubaaqudgha
Nemelex Xobeh
Okawaru
Qazlal
Ru
Sif Muna
Trog
Uskayaw
Vehumet
Wu Jian
Yredelemnul
Zin
The Shining One

Shops:
D [

Annotations:
D Sonja


Innate Abilities, Weirdness & Mutations

You reflexively headbutt those who attack you in melee.
You have a pair of horns on your head.


Message History

* * * LOW HITPOINT WARNING * * *
You are more poisoned.
Sonja barely misses you. Sonja completely misses you. Sonja closely misses you.
You completely miss Sonja. Your headbutt misses Sonja.
Sonja is heavily wounded.
You are no longer berserk.
You pass out from exhaustion.
You feel as though you will be slow longer.
* * * LOW HITPOINT WARNING * * *
You feel very sick.
Sonja hits you with an uncursed dagger of venom.
* * * LOW HITPOINT WARNING * * *
You are more poisoned.
Sonja hits you with an uncursed dagger of venom.
* * * LOW HITPOINT WARNING * * *
You are more poisoned.
Sonja hits you with an uncursed dagger of venom.
* * * LOW HITPOINT WARNING * * *
You are more poisoned.
You die...

################
#<.#..'..#.)'..#
#..').#..'..#..+
#..#####'#####'#
#..####..#...#)#
#..#__####..##(#
#..#_____##'#_.+
#⌠⌠#_.∩.K@÷.(._#
####_..__##_(#+#
#_____###(#
####### #(#
+$.$+ #$.$#
##.## #+#


You could see Sonja.

Vanquished Creatures
  Sigmund (D)
  A yak (D)
  An ogre (D)
  A jelly (D)
  Ijyb (D)
5 creatures vanquished.

Notes
Turn   | Place    | Note
-------+----------+-------------------------------------------
     0 | D        | Fymir27 the Minotaur Berserker began the quest for the Orb.
     0 | D        | Reached XP level 1. HP: 19/19 MP: 0/0
     2 | D        | Noticed Ijyb
     7 | D        | Killed Ijyb
     7 | D        | Reached skill level 5 in Maces & Flails
     7 | D        | Reached XP level 2. HP: 28/28 MP: 1/1
    12 | D        | Noticed an ogre
    19 | D        | Killed an ogre
    19 | D        | Reached skill level 7 in Maces & Flails
    19 | D        | Reached skill level 5 in Armour
    19 | D        | Reached XP level 3. HP: 16/37 MP: 2/2
    19 | D        | Reached XP level 4. HP: 19/44 MP: 3/3
   184 | D        | Noticed Sigmund
   190 | D        | Killed Sigmund
   190 | D        | Reached ** piety under Trog
   190 | D        | Reached skill level 10 in Maces & Flails
   190 | D        | Reached XP level 5. HP: 40/52 MP: 4/4
   190 | D        | Reached XP level 6. HP: 46/60 MP: 5/5
   334 | D        | Found a deep blue altar of Sif Muna.
   335 | D        | Found an ornate altar of the Wu Jian Council.
   336 | D        | Found a radiant altar of Vehumet.
   356 | D        | Found Gigoapto's Antique Armour Emporium.
   356 | D        | Found an ancient bone altar of Kikubaaqudgha.
   356 | D        | Found a hazy altar of Hepliaklqana.
   356 | D        | Found a stormy altar of Qazlal.
   356 | D        | Found a hide-covered altar of Uskayaw.
   356 | D        | Found a blossoming altar of Fedhas.
   356 | D        | Found a bloodstained altar of Trog.
   356 | D        | Found an iron altar of Okawaru.
   356 | D        | Found a basalt altar of Yredelemnul.
   356 | D        | Found a glowing golden altar of the Shining One.
   356 | D        | Found a snail-covered altar of Cheibriados.
   356 | D        | Found a sacrificial altar of Ru.
   356 | D        | Found a glowing silver altar of Zin.
   356 | D        | Found a shadowy altar of Dithmenos.
   356 | D        | Found a white marble altar of Elyvilon.
   356 | D        | Noticed a yak
   360 | D        | Killed a yak
   360 | D        | Reached skill level 11 in Maces & Flails
   361 | D        | Found an opulent altar of Gozag.
   364 | D        | Found a sparkling altar of Nemelex Xobeh.
   372 | D        | Bought a runed buckler for 195 gold pieces
   385 | D        | Noticed Sonja
   401 | D        | HP: 1/62 [Sonja/uncursed dagger of venom (5)]
   402 | D        | Succumbed to Sonja's poison

Skill      XL: |  1  2  3  4  5  6 |
---------------+-------------------+-----
Fighting       | 4 6 7 8 |  8.6
Maces & Flails | 5 7 10 11 | 11.3
Armour         | 3 5 7 8 |  8.1
Dodging        | 3 4 6 7 |  7.4

Action                   |  1- 3 |  4- 6 || total
-------------------------+-------+-------++-------
Melee: Mace              |     9 |    13 ||    22
       Headbutt          |     5 |     4 ||     9
Invok: Berserk           |     1 |     3 ||     4
       Trog's Hand       |       |     1 ||     1
  Eat: Chunk             |       |     1 ||     1
Dodge: Dodged            |     5 |    21 ||    26
Block: Buckler           |       |     8 ||     8
